 Dungeon Crawl Stone Soup version 0.20-a0-16-g0876c8e (webtiles) character file.

40 Kareekexe the Ogre Mage (level 3, 0/35 HPs)
             Began as an Ogre Wizard on Nov 4, 2016.
             Slain by a bat (1 damage)
             ... on level 2 of the Dungeon.
             The game lasted 00:05:02 (1598 turns).

Kareekexe the Ogre Mage (Ogre Wizard)               Turns: 1598, Time: 00:05:02

Health: 0/35       AC:  3    Str:  9 (12) XL:     3   Next: 50%
Magic:  1/8        EV: 10    Int: 15 (18) God:
Gold:   68         SH:  0    Dex:  7 (8)  Spells: 5 memorised, 0 levels left

rFire  . . .     SeeInvis .     (no weapon)
rCold  . . .     Gourm    .     a - +0 robe
rNeg   . . .     Faith    .     (no shield)
rPois  .         Spirit   .     b - +0 hat
rElec  .         Reflect  .     (no cloak)
rCorr  .         Harm     .     (gloves unavailable)
MR     .....                    (boots unavailable)
Stlth  ++........               (no amulet)
                                (no ring)
                                (no ring)

@: lethally poisoned (0 -> -3), flying
A: unfitting armour, camouflage 1, deterioration 1, tough skin 1
a: no special abilities


You were on level 2 of the Dungeon.
You were not hungry.

You visited 1 branch of the dungeon, and saw 2 of its levels.

You collected 68 gold pieces.

Inventory:

Hand Weapons
 j - a +0 club
 o - a +0 whip
Missiles
 f - 56 stones (quivered)
Armour
 a - a +0 robe (worn)
 b - a +0 hat (worn)
Scrolls
 i - 2 scrolls of identify {unknown}
 l - a scroll of noise {unknown}
 m - a scroll of remove curse {unknown}
Books
 c - a book of Minor Magic

   Spells                             Type                      Level
   a - Magic Dart                     Conjuration                  1
   b - Blink                          Translocation                2
   c - Call Imp                       Summoning                    2
   d - Repel Missiles                 Charms/Air                   2
   e - Slow                           Hexes                        2
   f - Conjure Flame                  Conjuration/Fire             3
   g - Mephitic Cloud                 Conjuration/Poison/Air       3
Comestibles
 d - a bread ration
 k - a beef jerky
 n - a chunk of flesh


   Skills:
 + Level 2.1 Fighting
 + Level 0.6 Maces & Flails
 + Level 2.1 Dodging
 - Level 1.5 Stealth
 + Level 4.0 Spellcasting
 + Level 1.0 Conjurations
 - Level 0.6 Summonings
 - Level 0.6 Translocations


You couldn't memorise any spells.
You knew the following spells:

 Your Spells              Type           Power        Failure   Level  Hunger
a - Magic Dart            Conj           #...         12%         1    None
b - Call Imp              Summ           #.......     21%         2    ##.....
c - Mephitic Cloud        Conj/Pois/Air  #.......     56%         3    ###....
d - Repel Missiles        Chrm/Air       #.....       28%         2    ##.....
e - Blink                 Tloc           N/A          21%         2    ##.....


Dungeon Overview and Level Annotations

Branches:
Dungeon (2/15)

Altars:


Innate Abilities, Weirdness & Mutations

You are too large for most types of armour.
You have tough skin. (AC +1)
Your skin changes colour to match your surroundings (Stealth+).
Your body sometimes deteriorates upon taking damage.


Message History

Your magical contamination has completely faded away.
Unknown command.
The bat hits you but does no damage. x2
It was a potion of flight.
You feel very buoyant.
You fly up into the air.
* * * LOW HITPOINT WARNING * * *
You feel sick. The bat hits you.
* * * LOW HITPOINT WARNING * * *
The adder closely misses you. The adder barely misses you.
It was a potion of mutation.
You feel extremely strange.
You feel yourself wasting away.
Your skin functions as natural camouflage.
The bat barely misses you. The adder bites you.
* * * LOW HITPOINT WARNING * * *
It was a potion of degeneration.
There was something very wrong with that liquid.
You feel weakened.
You feel dopey.
You feel clumsy. The bat hits you.
You die...

##.### #.##.##.#### #..#
#.#.....####
##.######.#........#
####..##........#.....#
#....#...# #.#.##.....#
#.##.####.#####.#.##.....#
#...........##....))......
#...##..Sb..##....##......
#..###....@........##.....#
........#.)<...#.#####.....#
......####.....##.# #.....#
... # ###.....#..# #######
### ...........##
...........## .....####..#
..... #..# >.... #..#


You could see an adder and a bat.

Vanquished Creatures
  An adder (D:1)
  2 giant cockroaches
  2 goblins (D:1)
  2 hobgoblins (D:1)
  9 kobolds
  2 bats (D:1)
  3 frilled lizards
  15 rats (D:1)
36 creatures vanquished.

Notes
Turn   | Place    | Note
-------+----------+-------------------------------------------
     0 | D:1      | Kareekexe the Ogre Wizard began the quest for the Orb.
     0 | D:1      | Reached XP level 1. HP: 16/16 MP: 5/5
   217 | D:1      | Reached XP level 2. HP: 26/26 MP: 2/6
   268 | D:1      | Reached skill level 1 in Fighting
   571 | D:1      | Reached skill level 4 in Spellcasting
   749 | D:1      | Reached XP level 3. HP: 33/35 MP: 2/8
  1072 | D:1      | Reached skill level 1 in Conjurations
  1399 | D:1      | Learned a level 2 spell: Call Imp
  1403 | D:1      | Learned a level 3 spell: Mephitic Cloud
  1406 | D:1      | Learned a level 2 spell: Repel Missiles
  1409 | D:1      | Learned a level 2 spell: Blink
  1597 | D:2      | Gained mutation: Your body sometimes deteriorates upon taking damage. [potion of mutation]
  1597 | D:2      | Gained mutation: Your skin changes colour to match your surroundings (Stealth+). [potion of mutation]
  1597 | D:2      | HP: 1/35 [adder (1)]
  1598 | D:2      | Slain by a bat

Vault maps used:
D:1:      erik_arrival_orb_chamber
D:2:      lemuel_blue_sif_altar, nicolae_tso_carved_into_rock

Skill      XL: |  1  2  3 |
---------------+----------+-----
Fighting       | 1 2 |  2.1
Spellcasting   | 4 |  4.0
Dodging        | 2 |  2.1
Conjurations   | 1 |  1.0
Maces & Flails | |  0.6
Stealth        | |  1.5
Summonings     | |  0.6
Translocations | |  0.6

Action                   || total
-------------------------++-------
Melee: Unarmed           ||    57
Throw: Stone             ||     6
 Cast: Magic Dart        ||    79
       Call Imp          ||     2
  Use: Potion            ||     3
  Eat: Chunk             ||     2
Armor: Robe              ||    14
Dodge: Dodged            ||    45
